AoeStats
← jphilkill

Nomad

506851191Analyzed
4v4 RM · 17d ago on Sep 15, 2026· 30m 47s· 8 players
Game mode
Random Map
Map size
231×231
Population
200
Speed
Normal
Resources
Standard
Victory
Conquest
Starting age
Dark Age
Ending age
Imperial Age
RankedLock teamsTeams togetherTeam positionsShared explorationLock speedFull tech treeHidden civsTurbo modeCheats
Victory
Defeat
🇪🇸 Vietnamese · Spain
1015
+14
🇨🇳 Huns · China
1014
+14
🇨🇳 Spanish · China
1002
+14
🇧🇷 Gurjaras · Brazil
992
+15
🇷🇺 Mongols · Russia
1063
-18
🇷🇺 Hindustanis · Russia
964
-14
🇩🇪 Huns · Germany
934
-13
🇷🇺 Vietnamese · Russia
902
-12
种田低手
5:06 Loom
15:19 Feudal Age
19:04 Castle Age
16:49 Horse Collar
16:55 Double-Bit Axe
17:27 Town Watch
17:47 Padded Archer Armor
19:21 Stone Mining
20:11 Bow Saw
20:04 Heavy Plow
20:22 Leather Archer Armor
21:21 Bloodlines
21:56 Husbandry
31:14 Fletching
khan061
14:13 Feudal Age
12:29 Loom
16:06 Double-Bit Axe
17:00 Wheelbarrow
16:22 Gold Mining
19:19 Padded Archer Armor
22:16 Fletching
27:52 Castle Age
26:48 Scale Mail Armor
26:59 Forging
29:50 Bow Saw
30:20 Stone Mining
30:31 Arson
Map
5:33 Loom
13:50 Feudal Age
19:30 Castle Age
17:26 Fishing Lines
18:29 Double-Bit Axe
18:39 Gold Mining
19:30 Scale Barding Armor
20:30 Medium Warships
20:48 Forging
24:11 Husbandry
24:40 Chain Barding Armor
25:47 Bloodlines
27:15 Iron Casting
29:15 Wheelbarrow
28:26 Town Watch
种田美眉
6:10 Loom
15:25 Feudal Age
20:44 Castle Age
19:59 Double-Bit Axe
21:45 Bow Saw
25:25 Horse Collar
26:41 Gold Mining
27:36 Town Watch
28:27 Wheelbarrow
28:50 Husbandry
POL POT
3:42 Loom
16:11 Feudal Age
17:37 Wheelbarrow
16:51 Double-Bit Axe
16:48 Horse Collar
19:05 Fletching
19:15 Padded Archer Armor
19:44 Fishing Lines
21:04 Scale Mail Armor
23:01 Arson
23:28 Forging
27:42 Castle Age
27:03 Padded Archer Armor
29:47 Heavy Plow
30:24 Squires
29:45 Pikeman
jphilkill
4:05 Loom
17:44 Feudal Age
20:20 Double-Bit Axe
23:41 Castle Age
22:46 Gold Mining
22:46 Stone Mining
23:38 Scale Barding Armor
23:34 Scale Mail Armor
23:44 Forging
23:25 Fletching
23:35 Padded Archer Armor
23:31 Stone Mining
23:23 Horse Collar
23:29 Fishing Lines
24:17 Bloodlines
24:41 Medium Warships
26:56 Wheelbarrow
27:45 Murder Holes
BARON UNGERN
5:48 Loom
17:53 Feudal Age
18:47 Gold Mining
18:49 Stone Mining
18:47 Double-Bit Axe
19:41 Wheelbarrow
20:34 Fishing Lines
20:51 Gold Mining
23:19 Castle Age
22:49 Scale Barding Armor
22:54 Forging
24:05 Horse Collar
24:40 Bow Saw
25:07 Gold Shaft Mining
25:11 Stone Shaft Mining
25:51 Heavy Plow
25:56 Husbandry
26:09 Bloodlines
26:30 Chain Barding Armor
28:58 Iron Casting
bagelbi777
14:41 Feudal Age
15:03 Loom
20:31 Scale Barding Armor
23:04 Castle Age
22:39 Fletching
29:35 Double-Bit Axe
Connection lost

Rejoining the realm…

Still unreachable

The connection could not be restored.

Session expired

The server has moved on; the page needs a fresh start.